 Dungeon Crawl Stone Soup version 0.29.1-2-gbd0b4ee654 (webtiles) character file.

Game seed: 14183493748511266057

100 GorkyZ the Shield-Bearer (level 5, -1/42 HPs)
             Began as a Formicid Fighter on Nov 21, 2022.
             Killed by divine providence
             ... invoked by an orc priest
              (13 damage)
             ... on level 3 of the Dungeon.
             The game lasted 00:06:44 (1763 turns).

GorkyZ the Shield-Bearer (Formicid Fighter)         Turns: 1763, Time: 00:06:45

Health: -1/42      AC: 11    Str: 28    XL:     5   Next: 3%
Magic:  5/5        EV:  9    Int:  8    God:
Gold:   49         SH:  5    Dex: 13    Spells: 4/4 levels left

rFire   . . .      SeeInvis +   a - +2 war axe
rCold   . . .      Faith    .   c - +0 buckler
rNeg    . . .      Spirit   .   b - +0 scale mail
rPois   .          Reflect  .   (helmet unavailable)
rElec   .          Harm     .   (no cloak)
rCorr   .          Rampage  .   (no gloves)
Will    .....                   (no boots)
Stlth   ..........              (no amulet)
HPRegen 0.14/turn               i - +6 ring of strength
MPRegen 0.09/turn               s - +4 ring of protection

@: no status effects
A: permanent stasis, dig shafts and tunnels, antennae 3, four strong arms
a: Dig, Shaft Self


You were on level 3 of the Dungeon.
You visited 1 branch of the dungeon, and saw 3 of its levels.

You collected 49 gold pieces.

Inventory:

Hand Weapons
 a - a +2 war axe (weapon)
 j - a +0 hand axe
 k - a +0 giant spiked club
Armour
 b - a +0 scale mail (worn)
 c - a +0 buckler (worn)
Jewellery
 i - a +6 ring of strength (left hand)
 s - a +4 ring of protection (right hand)
Scrolls
 n - a scroll of noise
 o - a scroll of immolation {unknown}
 p - a scroll of vulnerability {unknown}
 q - a scroll of teleportation {unknown}
 r - a scroll of silence {unknown}
 t - 3 scrolls of identify
 u - a scroll of fear {unknown}
Potions
 d - a potion of might
 e - 2 potions of heal wounds
 f - 2 potions of ambrosia
 g - a potion of resistance {unknown}
 h - a potion of magic {unknown}
 l - 2 potions of attraction {unknown}
 m - 2 potions of curing {unknown}


   Skills:
 + Level 4.0 Fighting
 + Level 2.9 Axes
 + Level 4.1 Armour
 + Level 4.9 Shields


You had 4 spell levels left.
You didn't know any spells.
Your spell library contained the following spells:

 Spells                   Type           Power      Damage    Failure   Level
 Sandblast                Erth           0%         2d4       75%         1
 Passwall                 Tmut/Erth      0%         N/A       86%         2
 Stone Arrow              Conj/Erth      0%         3d7       98%         3


Dungeon Overview and Level Annotations

Branches:
Dungeon (3/15)

Altars:


Innate Abilities, Weirdness & Mutations

You cannot be hasted, slowed, berserked, paralysed or teleported.
You can dig through walls and to a lower floor.
You have a pair of large antennae on your head. (SInv)
Your four strong arms can wield two-handed weapons with a shield.


Message History

You barely miss the orc.
The orc priest looks satisfied for a moment.
The orc barely misses you.
You barely miss the orc priest. You slash the orc!
You kill the orc!
The orc priest calls down the wrath of Beogh upon you.
Pain shoots through your body!
You barely miss the orc priest.
The orc priest looks satisfied for a moment.
The orc priest closely misses you.
You slash the orc priest!
The orc priest is almost dead.
You closely miss the orc priest. The orc priest barely misses you.
You block the orc priest's attack.
You slash the orc priest!
You kill the orc priest!
You hit the orc priest.
The orc priest hits you but does no damage. x2
You block the orc priest's attack.
Your Fighting skill increases to level 4!
You have reached level 5!
You slash the orc priest!
The orc priest is severely wounded.
You hit the orc priest but do no damage.
The orc priest hits you with a +0 short sword.
* * * LOW HITPOINT WARNING * * *
The orc priest barely misses you.
You barely miss the orc priest.
The orc priest is severely wounded.
You barely miss the orc priest. The orc priest barely misses you.
The orc priest hits you but does no damage.
You hit the orc priest.
The orc priest is severely wounded.
You hit the orc priest.
The orc priest looks satisfied for a moment.
The orc priest looks encouraged for a moment.
The orc priest hits you but does no damage.
The orc priest calls down the wrath of Beogh upon you.
Beogh smites you!
You die...

########## #........#
######## #........#
#......#
#........#####......#
######..............#
##$..##.............#
#$8.8.#o............####
#_....o@........#......#
#$8$8.#######..........#
##$..# #..........# ####
#..........#
#...........
#..<.......#
#..........#
#..........#
.............


You could see 2 orc priests.

Vanquished Creatures
  An orc priest (D:3)
  An adder (D:2)
  2 worms (D:2)
  3 dart slugs
  2 orcs (D:3)
  6 ball pythons
  5 bats
  3 endoplasms
  2 giant cockroaches (D:2)
  2 hobgoblins
  5 jackals (D:2)
  6 kobolds
  A quokka (D:1)
  4 frilled lizards
  4 rats
47 creatures vanquished.

Vanquished Creatures (others)
  3 plants (D:2)
3 creatures vanquished.

Grand Total: 50 creatures vanquished

Notes
Turn   | Place    | Note
-------+----------+-------------------------------------------
     0 | D:1      | GorkyZ the Formicid Fighter began the quest for the Orb.
     0 | D:1      | Reached XP level 1. HP: 18/18 MP: 1/1
   191 | D:1      | Reached XP level 2. HP: 23/24 MP: 2/2
   504 | D:1      | Reached XP level 3. HP: 25/29 MP: 3/3
   949 | D:2      | Reached XP level 4. HP: 14/37 MP: 4/4
  1228 | D:2      | Found a faded altar of an unknown god.
  1761 | D:3      | Reached XP level 5. HP: 15/42 MP: 5/5
  1763 | D:3      | Killed from afar by an orc priest

Illustrated notes

Levels and vault maps discovered:
D:1:      dpeg_arrival_three_same_balls, layout_basic, chequers_arboretum,
          minmay_statues_item
D:2:      layout_basic, dilly_ecumenical_altar_fadedgnrine
D:3:      layout_basic, minmay_misc_feat_secret_circle, kennysheep_orc_chapel

Skill      XL: |  1  2  3  4 |
---------------+-------------+-----
Armour         | 4 |  4.1
Fighting       | 4 |  4.0
Axes           | |  2.9
Shields        | |  4.9

Action                   |  1- 3 |  4- 6 || total
-------------------------+-------+-------++-------
Melee: War axe           |    49 |    38 ||    87
       Hand axe          |    21 |       ||    21
 Abil: Dig               |     1 |       ||     1
  Use: Scroll            |     5 |       ||     5
Armor: Scale mail        |    39 |    15 ||    54
Dodge: Dodged            |    31 |    25 ||    56
Block: Buckler           |    17 |    10 ||    27
